 Dungeon Crawl Stone Soup version 0.26-a0-190-g75a3d40d47 (webtiles) character file.

Game seed: 6905991569627397134

2662 Ge0ff the Frost Mage (level 9, -4/97 HPs)
             Began as a Merfolk Ice Elementalist on July 4, 2020.
             Was a Believer of Fedhas.
             Killed by divine providence
             ... invoked by an orc priest
              (14 damage)
             ... on level 7 of the Dungeon.
             The game lasted 00:15:41 (8204 turns).

Ge0ff the Frost Mage (Merfolk Ice Elementalist)     Turns: 8204, Time: 00:15:41

Health: -4/97      AC: 24    Str:  8    XL:     9   Next: 63%
Magic:  17/17      EV:  2    Int: 29    God:    Fedhas [**....]
Gold:   197        SH:  0    Dex: 15    Spells: 10/18 levels left

rFire    . . .     SeeInvis .   a - +2 dagger (venom) {don't train}
rCold    . . .     Faith    .   (no shield)
rNeg     + + +     Spirit   .   (armour currently unavailable)
rPois    +         Reflect  .   (helmet currently unavailable)
rElec    .         Harm     .   (cloak currently unavailable)
rCorr    .         NoTele   +   (gloves currently unavailable)
MR       .....                  (boots currently unavailable)
Stlth    ++........             U - amulet of regeneration
HPRegen  0.66/turn              D - +6 ring of intelligence {=R}
MPRegen  0.15/turn              E - +6 ring of intelligence

@: tree-form
A: (change form in water), (swift swim), (stealthy swim)
a: Wall of Briars, Renounce Religion


You were on level 7 of the Dungeon.
You worshipped Fedhas.
Fedhas was pleased with you.
You were not hungry.
You were a tree.
You visited 2 branches of the dungeon, and saw 8 of its levels.

You collected 197 gold pieces.

Inventory:

Hand Weapons
 a - a +2 dagger of venom (weapon) {don't train}
 b - a +0 trident
 A - a +4 quarterstaff of chaos {don't train}
 I - a +2 scythe of venom
 J - a +0 spear
 K - a +0 quarterstaff {don't train}
 Q - a +2 short sword of flaming {don't train}
Missiles
 B - 10 boomerangs (quivered)
 G - 93 arrows
 Z - 16 poisoned darts
Armour
 C - a +0 cloak (melded)
 O - a +3 scale mail of positive energy
 W - a +1 robe of positive energy
 X - a +1 helmet of see invisible (melded)
 Y - a +0 leather armour (melded)
Jewellery
 D - a +6 ring of intelligence (left branch) {=R}
 E - a +6 ring of intelligence (right branch)
 U - an amulet of regeneration (around neck)
Wands
 e - a wand of enslavement (8)
 k - a wand of iceblast (8)
 p - a wand of paralysis (16)
 s - a wand of disintegration (8)
 P - a wand of polymorph (11)
Scrolls
 F - a scroll of fog
 N - a scroll of silence {unknown}
 T - 4 scrolls of teleportation
 V - 2 scrolls of enchant weapon
Potions
 o - a potion of ambrosia
 q - 2 potions of curing
 H - a potion of might {unknown}
 L - 2 potions of lignification
 M - a potion of heal wounds {unknown}
 R - a potion of resistance
 S - a potion of stabbing {unknown}
Comestibles
 r - 5 rations
 z - 2 chunks of flesh


   Skills:
 + Level 4.1 Fighting
 + Level 5.2 Polearms
 - Level 1.0 Throwing
 - Level 2.0 Armour
 - Level 5.0 Dodging
 - Level 3.0 Stealth
 * Level 5.4 Spellcasting
 * Level 4.9 Summonings
 * Level 8.0 Ice Magic
 + Level 3.4 Evocations


You had 10 spell levels left.
You knew the following spells:

 Your Spells              Type           Power        Failure   Level  Hunger
k - Freeze                Ice            ####         1%          1    None
m - Frozen Ramparts       Ice            ######       1%          3    None
s - Summon Ice Beast      Ice/Summ       #####...     4%          4    ###....

Your spell library contained the following spells:

 Spells                   Type           Power        Failure   Level  Hunger
 Ozocubu's Armour         Chrm/Ice       ####....     3%          3    None
 Hailstorm                Conj/Ice       ####....     12%         4    ###....


Dungeon Overview and Level Annotations

Branches:
Dungeon (7/15)             Temple (1/1) D:7

Altars:
Ashenzari
Cheibriados
Elyvilon
Fedhas
Gozag
Hepliaklqana
Okawaru
Qazlal
Ru
Trog
Uskayaw
Vehumet
Xom
Yredelemnul
Zin
The Shining One

Shops:
D:4 }*[:?   D:5 *

Annotations:
D:7 Maggie


Message History

The centaur shoots an arrow.
The arrow hits you!
The centaur shoots an arrow.
The arrow hits you!
* * * LOW HITPOINT WARNING * * *
The howler monkey hoots and howls with incredible vigour!
You hear a shout!
You see here an arrow.
The orc priest mumbles some strange prayers to Beogh against you.
Beogh smites you!
* * * LOW HITPOINT WARNING * * *
You hear a shout!
It was a potion of lignification.
You turn into a tree.
Your +0 cloak melds into your body.
Your +1 helmet of see invisible melds into your body.
Your +0 leather armour melds into your body.
You feel less perceptive.
Your roots penetrate the ground.
L - 2 potions of lignification;
W - a +1 robe of positive energy The orc priest invokes the aid of Beogh against you.
Beogh smites you!
You die...
Fedhas appreciates your contribution to the ecosystem.

#....#..##.# ....
####.#..##.###....
####.#..##........
#....#..##....#
#......#).÷÷......#
##.....#.##..#....#
#####.#..........#
#.####.......#
#.......♣(#.##
#..######(#.#
#........o#.#
.......># .......h#
..#c...o. .........
....h.#...
......'...


You could see a black bear and 2 orc priests.

Vanquished Creatures
  Grinder (D:5)
  Prince Ribbit (D:5)
  Sigmund (D:6)
  Menkaure (D:6)
  Duvessa (D:5)
  2 orc warriors (D:6)
  2 phantoms (D:5)
  3 ogres
  2 centaurs (D:6)
  2 bullfrogs
  A scorpion (D:6)
  Dowan (D:5)
  A howler monkey (D:5)
  An orc priest (D:7)
  Crazy Yiuf (D:6)
  2 hounds (D:6)
  A jelly (D:7)
  A bullfrog skeleton (D:4)
  3 orc wizards
  Ijyb (D:5)
  Natasha (thrice) (D:3)
  5 worker ants
  2 hound skeletons (D:7)
  A worker ant zombie (D:7)
  12 adders
  4 gnolls (D:2)
  2 shadow imps
  3 white imps
  2 worms
  2 dart slugs
  5 leopard geckos
  8 orcs
  3 ball pythons
  8 bats
  3 giant cockroaches
  6 goblins
  5 hobgoblins
  7 jackals
  4 quokkas
  5 frilled lizards
  A jackal skeleton (D:4)
  A leopard gecko skeleton (D:3)
  A quokka skeleton (D:4)
  6 rats
128 creatures vanquished.

Vanquished Creatures (collateral kills)
  An ice beast (D:6)
  A bullfrog skeleton (D:5)
2 creatures vanquished.

Grand Total: 130 creatures vanquished

Notes
Turn   | Place    | Note
-------+----------+-------------------------------------------
     0 | D:1      | Ge0ff the Merfolk Ice Elementalist began the quest for the
                  | Orb.
     0 | D:1      | Reached XP level 1. HP: 13/13 MP: 3/3
   460 | D:1      | Reached XP level 2. HP: 17/20 MP: 5/5
   700 | D:2      | Reached skill level 1 in Fighting
   986 | D:2      | Reached skill level 5 in Ice Magic
   986 | D:2      | Reached XP level 3. HP: 26/26 MP: 4/6
   991 | D:2      | Learned a level 3 spell: Frozen Ramparts
  1139 | D:2      | Found a glowing golden altar of the Shining One.
  1521 | D:2      | Reached XP level 4. HP: 32/32 MP: 3/7
  2820 | D:3      | Reached XP level 5. HP: 37/37 MP: 5/9
  2937 | D:3      | Noticed Natasha
  2940 | D:3      | Killed Natasha
  2940 | D:3      | Reached skill level 1 in Polearms
  3154 | D:3      | Learned a level 4 spell: Summon Ice Beast
  3785 | D:3      | Noticed Natasha
  3792 | D:3      | Killed Natasha
  3947 | D:3      | Noticed Natasha
  3954 | D:3      | Killed Natasha
  3954 | D:3      | Reached XP level 6. HP: 34/44 MP: 6/10
  4030 | D:4      | Found Uraseca's Gadget Shoppe.
  4086 | D:4      | Reached skill level 1 in Summonings
  4086 | D:4      | Reached skill level 6 in Ice Magic
  4086 | D:4      | Reached skill level 1 in Evocations
  4200 | D:4      | Found Lecasopu's Assorted Antiques.
  4255 | D:4      | Found Zidd's Book Shop.
  4594 | D:4      | Found Ameiw's Magic Scroll Emporium.
  4789 | D:4      | Found a blossoming altar of Fedhas.
  4793 | D:4      | Became a worshipper of Fedhas Madash
  4802 | D:4      | Found a white marble altar of Elyvilon.
  5155 | D:4      | Reached XP level 7. HP: 46/51 MP: 7/12
  5235 | D:4      | Found Liongax's Antique Armour Shoppe.
  5278 | D:5      | Entered Level 5 of the Dungeon
  5340 | D:5      | Noticed Dowan
  5342 | D:5      | Noticed Duvessa
  5350 | D:5      | Killed Dowan
  5351 | D:5      | Killed Duvessa
  5351 | D:5      | Reached skill level 1 in Armour
  5418 | D:5      | Found a shattered altar of Ashenzari.
  5422 | D:5      | Noticed Prince Ribbit
  5443 | D:5      | Killed Prince Ribbit
  5443 | D:5      | Reached XP level 8. HP: 48/57 MP: 6/13
  5497 | D:5      | Noticed Ijyb
  5510 | D:5      | Killed Ijyb
  5609 | D:5      | Found a glowing silver altar of Zin.
  5609 | D:5      | Noticed Grinder
  5901 | D:5      | Found Pueddi's Assorted Antiques.
  6168 | D:5      | Reached * piety under Fedhas
  6335 | D:5      | Reached skill level 7 in Ice Magic
  6590 | D:5      | Killed Grinder
  6647 | D:6      | Reached skill level 1 in Throwing
  6735 | D:6      | Reached XP level 9. HP: 64/64 MP: 12/16
  6741 | D:6      | Reached skill level 5 in Dodging
  7135 | D:6      | Reached skill level 5 in Spellcasting
  7516 | D:6      | Noticed Sigmund
  7520 | D:6      | Killed Sigmund
  7520 | D:6      | Reached skill level 5 in Polearms
  7668 | D:6      | Noticed Menkaure
  7669 | D:6      | Killed Menkaure
  7669 | D:6      | Reached ** piety under Fedhas
  7788 | D:6      | Found a runed translucent door.
  7789 | D:6      | Noticed Crazy Yiuf
  7795 | D:6      | Killed Crazy Yiuf
  8061 | D:7      | Reached skill level 8 in Ice Magic
  8084 | D:7      | Noticed Maggie
  8103 | D:7      | Found a staircase to the Ecumenical Temple.
  8115 | Temple   | Entered the Ecumenical Temple
  8204 | D:7      | Killed from afar by an orc priest

Illustrated notes

Levels and vault maps discovered:
D:1:      dpeg_arrival_lava_temple_mockup, layout_loops_ring
D:2:      layout_basic, tso_oasis_becter
D:3:      layout_loops_ring, uniq_natasha
D:4:      layout_cave_pods, amethyst_overflow_temple_binary, first_ration,
          serial_shops, kennysheep_mini, shop, shop, shop, nicolae_shop_crystal
D:5:      layout_loops_ring, lemuel_crystal_altar, serial_shops, shop,
          kennysheep_minor_cross, cheibrodos_ashenzari_chains,
          uniq_prince_ribbit1, uniq_duvessa, uniq_ijyb, uniq_grinder
D:6:      layout_basic, serial_corexii_hall, corexii_hall_statues_deadend,
          corexii_hall_statues_i, uniq_menkaure, uniq_crazy_yiuf_cottage,
          uniq_sigmund
D:7:      layout_basic, minmay_temple_entry_drinking_statues, uniq_maggie
Temple:   nicolae_temple_x_marks_the_god

Skill      XL: |  1  2  3  4  5  6  7  8  9 |
---------------+----------------------------+-----
Fighting       | 1 2 3 4 |  4.1
Ice Magic      | 5 6 7 8 |  8.0
Dodging        | 3 4 5 |  5.0
Polearms       | 1 2 3 4 5 |  5.2
Stealth        | 3 |  3.0
Spellcasting   | 3 4 5 |  5.4
Summonings     | 1 2 3 4 |  4.9
Evocations     | 1 2 3 |  3.4
Armour         | 1 2 |  2.0
Throwing       | 1 |  1.0

Action                   |  1- 3 |  4- 6 |  7- 9 || total
-------------------------+-------+-------+-------++-------
Melee: Dagger            |    23 |    34 |    64 ||   121
       Trident           |       |     9 |    74 ||    83
Throw: Stone             |     1 |    25 |       ||    26
       Dart              |       |       |     5 ||     5
       Boomerang         |       |       |    61 ||    61
 Cast: Freeze            |    22 |    26 |    16 ||    64
       Frozen Ramparts   |     1 |    19 |    30 ||    50
       Summon Ice Beast  |       |       |     5 ||     5
Evoke: Wand              |       |       |     4 ||     4
  Use: Scroll            |     4 |     5 |     4 ||    13
       Potion            |       |       |     1 ||     1
 Stab: Sleeping          |     6 |     1 |     6 ||    13
  Eat: Chunk             |     2 |     8 |     9 ||    19
       Ration            |       |     1 |     1 ||     2
Armor: Robe              |     8 |     6 |       ||    14
       Leather armour    |       |    12 |    20 ||    32
Dodge: Dodged            |    28 |    36 |    80 ||   144

Table legend:
 A = Non-vault XP
 B = Vault XP
 C = Vault XP percentage of total XP
 D = Non-vault monster count
 E = Vault monster count
 F = Vault count percentage of total count
                 A         B        C        D         E       F
            +---------+---------+-------+---------+---------+-------
      Total |    2537 |    1266 |  33.3 |     121 |       9 |   6.9
            +---------+---------+-------+---------+---------+-------
        D:1 |      13 |       0 |   0.0 |       9 |       0 |   0.0
        D:2 |     130 |       0 |   0.0 |      22 |       0 |   0.0
        D:3 |     169 |      35 |  17.2 |      25 |       1 |   3.8
        D:4 |     364 |       0 |   0.0 |      14 |       0 |   0.0
        D:5 |     610 |     790 |  56.4 |      18 |       5 |  21.7
        D:6 |    1084 |     441 |  28.9 |      25 |       3 |  10.7
        D:7 |     167 |       0 |   0.0 |       8 |       0 |   0.0
            +---------+---------+-------+---------+---------+-------
